 Dungeon Crawl Stone Soup version 0.32-a0-918-g0f22ef8d61 (webtiles) character file.

Game seed: 14213875318193257300

9203 Ofeo the Carver (level 11, -4/82 HPs)
             Began as a Coglin Hunter on Apr 11, 2024.
             Was a High Priest of Okawaru.
             Incinerated by a deep elf pyromancer (10 damage)
             ... with a pyre arrow
             ... on level 8 of the Dungeon.
             The game lasted 00:16:04 (9997 turns).

Ofeo the Carver (Coglin Hunter)                     Turns: 9997, Time: 00:16:04

Health: -4/82      AC: 12    Str: 11    XL:     11   Next: 42%
Magic:  11/12      EV: 11    Int: 10    God:    Okawaru [*****.]
Gold:   601        SH:  0    Dex: 24    Spells: 10/10 levels left

rFire   . . .        d - +0 long sword (elec) {Ujjalroop}
rCold   + . .        i - +4 scimitar (flame) {Hisae}
rNeg    . . .        B - +2 scale mail {rC+}
rPois   .            e - +1 helmet
rElec   .            w - +0 cloak
rCorr   .            k - +0 pair of fencer's gloves {Riposte Dex+3}
SInv    .            (no boots)
Will    .....        (amulet unavailable)
Stlth   +            (ring unavailable)
HPRegen 0.33/turn    (ring unavailable)
MPRegen 0.13/turn    (no gizmo)

%: no passive effects
@: on fire, glowing, revving
A: off-hand wielding, slow wielding, warmup strikes, no jewellery
a: Invent Gizmo, Renounce Religion, Heroism, Finesse, Duel


You were on level 8 of the Dungeon.
You worshipped Okawaru.
Okawaru was extremely pleased with you.
You visited 2 branches of the dungeon, and saw 9 of its levels.

You collected 601 gold pieces.

Inventory:

Hand Weapons
 d - a +0 long sword of electrocution (weapon) {Ujjalroop}
 i - a +4 scimitar of flaming (offhand) {Hisae}
 D - a +0 scimitar {Ermengarde}
Missiles
 t - a throwing net (quivered)
Armour
 c - +0 acid dragon scales
 e - a +1 helmet (worn)
 k - the +0 pair of fencer's gloves (worn) {Riposte Dex+3}
   (You acquired it on level 7 of the Dungeon)

   Riposte:   It allows the wearer to riposte with melee weapons, swiftly
   retaliating against missed or blocked melee attacks.
   Dex+3:     It affects your dexterity (+3).
 w - a +0 cloak (worn)
 B - a +2 scale mail of cold resistance (worn)
Wands
 y - a wand of flame (14)
Scrolls
 b - a scroll of butterflies
 f - 3 scrolls of teleportation {@r3}
 l - 2 scrolls of enchant weapon
 n - a scroll of vulnerability
 x - 2 scrolls of poison
 z - 2 scrolls of noise
Potions
 g - 2 potions of attraction
 h - 3 potions of heal wounds {@q2}
 j - a potion of brilliance
 m - a potion of might {@q4}
 o - 3 potions of degeneration
 p - 2 potions of cancellation {unknown}
 q - 2 potions of curing {@q1}
 r - a potion of resistance {@q6}
 s - a potion of haste {@q3}
 u - a potion of lignification {unknown}
 v - a potion of berserk rage {unknown}
 A - a potion of enlightenment {unknown}
Miscellaneous
 a - a phantom mirror


   Skills:
 - Level 6.3 Fighting
 + Level 12.9 Long Blades
 - Level 6.3 Ranged Weapons
 - Level 5.5 Dodging
 - Level 5.1 Stealth
 + Level 1.4 Invocations


You had 10 spell levels left.
You didn't know any spells.
Your spell library contained the following spells:

 Spells                   Type           Power      Damage    Failure   Level
 Freeze                   Ice            0%         1d3       94%         1
 Magic Dart               Conj           0%         1d3       94%         1
 Shock                    Conj/Air       0%         1d3       94%         1
 Slow                     Hex            0%         N/A       94%         1
 Blink                    Tloc           0%         N/A       98%         2
 Searing Ray              Conj           0%         2d4       98%         2
 Confusing Touch          Hex            0%         N/A       100%        3
 Frozen Ramparts          Ice            0%         1d1       100%        3
 Hailstorm                Conj/Ice       0%         3d5       100%        3
 Swiftness                Air            0%         N/A       100%        3
 Vampiric Draining        Necr           0%         2d6       100%        3
 Airstrike                Air            0%         2d(0-16)  100%        4
 Fulminant Prism          Conj/Alch      0%         3d5       100%        4
 Call Imp                 Summ           Unusable   N/A       N/A         2

Dungeon Overview and Level Annotations

Branches:
Dungeon (8/15)             Temple (1/1) D:5
   Lair: D:8-11

Altars:
Ashenzari
Cheibriados
Dithmenos
Fedhas
Gozag
Hepliaklqana
Kikubaaqudgha
Makhleb
Nemelex Xobeh
Okawaru
Qazlal
Ru
Sif Muna
Trog
Uskayaw
Vehumet
Wu Jian
Xom
Yredelemnul
Zin
The Shining One

Shops:
D:4 :

Portals:
Abyss: D:6

Annotations:
D:6 2 transporters, Patrick2011b's ghost, novice DsWn


Innate Abilities, Weirdness & Mutations

You can wield a second weapon in your off-hand.
It takes a long time for you to wield or remove held weapons.
Your first few attacks do less damage.
You cannot equip rings or amulets.


Message History

You slash the deep elf pyromancer with your +0 long sword of electrocution!
The deep elf pyromancer is lightly wounded.
You hit the deep elf pyromancer with your +4 scimitar of flaming.
You burn the deep elf pyromancer. The liquid fire burns you!
The deep elf pyromancer hits you with a +0 short sword.
You take 16 damage, and have 39/82 hp.
You slash the deep elf pyromancer with your +0 long sword of electrocution!
The deep elf pyromancer is heavily wounded.
You barely miss the deep elf pyromancer with your +4 scimitar of flaming.
The liquid fire burns you!
The deep elf pyromancer points at you and mumbles some strange words.
The pyre arrow hits you.
You are even more covered in intense liquid fire!
You take 5 damage, and have 34/82 hp.
You slash the deep elf pyromancer with your +4 scimitar of flaming!
You burn the deep elf pyromancer.
The deep elf pyromancer is almost dead.
You miss the deep elf pyromancer with your +0 long sword of electrocution.
The liquid fire burns you!
You take 6 damage, and have 28/82 hp.
You closely miss the deep elf pyromancer with your +0 long sword of electrocution.
The deep elf pyromancer is almost dead.
You barely miss the deep elf pyromancer with your +4 scimitar of flaming.
The liquid fire burns you!
* * * LOW HITPOINT WARNING * * *
The deep elf pyromancer hits you but does no damage.
You take 14 damage, and have 14/82 hp.
You hit the deep elf pyromancer with your +0 long sword of electrocution.
Lightning courses through the deep elf pyromancer!!
You kill the deep elf pyromancer!
Okawaru accepts your kill. The liquid fire burns you!
* * * LOW HITPOINT WARNING * * *
Your Invocations skill increases to level 1!
You take 8 damage, and have 6/82 hp.
Okay, then.
You shake off some of the fire as you move.
The liquid fire burns you!
You die...

#.....##..#.####...#☼.#..####.
#.....##..##..####..#..####...
#.....###.###)..####..###.....
#..<..# #.# #.#...#####)....##
#####.# #.# #)#.#...##.##....#
#.# #.# #.#.#.#...#####.). #.#
#.# #.#.#...###..####. #.# #.#
#.#...####..#.#### #.#
#.###@..####..#.#.#..# #.#
#.##.)####..#.#.#.#.#. #.#
#.######....###.#.#.#.
#.###.####...##..##.#.#.##
#.....##...#..##..#.#.#.##
####..####.##..##(#.##.###
##....#####..###.#####ß
####...####..######ß..
###...###..###ß....


There were no monsters in sight!

Vanquished Creatures
  A boulder beetle (D:8)
  A deep elf pyromancer (D:8)
  2 ugly things (D:7)
  A manticore (D:8)
  An efreet (D:8)
  Prince Ribbit (D:5)
  3 hornets (D:8)
  Sigmund (D:5)
  A wraith (D:7)
  2 wyverns
  6 yaks (D:8)
  3 vampire mosquitoes (D:8)
  2 steam dragons (D:8)
  Menkaure (D:6)
  An acid dragon (D:7)
  A water moccasin (D:6)
  2 orc warriors
  3 ice beasts
  3 black bears
  6 centaurs
  3 ogres
  Blork the orc (D:6)
  2 kobold brigands (D:8)
  A scorpion (D:7)
  6 bullfrogs
  10 wights
  3 killer bees
  A bombardier beetle (D:3)
  3 howler monkeys
  6 orc priests
  3 hounds
  A jelly (D:7)
  6 orc wizards
  An iguana (D:6)
  7 adders
  2 shadow imps (D:7)
  2 white imps
  3 ufetubi (D:7)
  6 ribbon worms
  3 dart slugs
  21 orcs
  2 ball pythons
  4 endoplasms
  3 giant cockroaches
  5 goblins
  3 hobgoblins
  4 jackals (D:3)
  10 kobolds
  2 quokkas
  8 bats
  A frilled lizard (D:2)
  2 rats (D:1)
177 creatures vanquished.

Notes
Turn   | Place    | Note
-------+----------+-------------------------------------------
     0 | D:1      | Ofeo the Coglin Hunter began the quest for the Orb.
     0 | D:1      | Reached XP level 1. HP: 16/16 MP: 1/1
   266 | D:1      | Reached skill level 1 in Stealth
   324 | D:1      | Reached XP level 2. HP: 22/22 MP: 2/2
   830 | D:2      | Reached XP level 3. HP: 28/28 MP: 3/3
  1627 | D:3      | Noticed a centaur
  1638 | D:3      | Killed a centaur
  1639 | D:3      | Reached XP level 4. HP: 29/35 MP: 4/4
  1639 | D:3      | Reached XP level 5. HP: 34/41 MP: 5/5
  2387 | D:4      | Reached XP level 6. HP: 39/47 MP: 6/6
  2684 | D:4      | Noticed a black bear
  2688 | D:4      | Killed a black bear
  2957 | D:4      | Found Zeppeum's Self-Published Books.
  3102 | D:4      | Found an ornate altar of the Wu Jian Council.
  3248 | D:5      | Entered Level 5 of the Dungeon
  3384 | D:5      | Noticed Sigmund
  3399 | D:5      | Killed Sigmund
  3400 | D:5      | Reached XP level 7. HP: 54/54 MP: 7/7
  3438 | D:5      | Reached skill level 5 in Ranged Weapons
  3611 | D:5      | Found a staircase to the Ecumenical Temple.
  3635 | Temple   | Entered the Ecumenical Temple
  3666 | Temple   | Became a worshipper of Warmaster Okawaru
  3735 | D:5      | Noticed Prince Ribbit
  3745 | D:5      | Killed Prince Ribbit
  3746 | D:5      | Reached XP level 8. HP: 59/61 MP: 8/8
  4107 | D:6      | Noticed Blork the orc
  4167 | D:6      | Noticed a ynoxinul
  4175 | D:6      | Noticed a small abomination
  4179 | D:6      | Reached skill level 5 in Fighting
  4196 | D:6      | Found a transporter.
  4234 | D:6      | Killed Blork the orc
  4234 | D:6      | Reached * piety under Okawaru
  4239 | D:6      | Noticed Menkaure
  4246 | D:6      | Killed Menkaure
  4247 | D:6      | Reached skill level 5 in Dodging
  4489 | D:6      | Noticed a hell hog
  4611 | D:6      | Noticed Patrick2011b's ghost (novice DsWn)
  4674 | D:6      | Noticed an ancient zyme
  4719 | D:6      | Found a transporter.
  4719 | D:6      | Found a one-way gate to the infinite horrors of the Abyss.
  4737 | D:6      | Reached ** piety under Okawaru
  4738 | D:6      | Reached skill level 5 in Stealth
  4738 | D:6      | Reached XP level 9. HP: 69/69 MP: 9/9
  5071 | D:7      | Identified a scroll of acquirement
  5071 | D:7      | Acquired the +0 pair of fencer's gloves {Riposte Dex+3}
  5071 | D:7      | Found the +0 pair of fencer's gloves {Riposte Dex+3}
  5388 | D:7      | Reached skill level 1 in Long Blades
  5395 | D:7      | Reached skill level 2 in Long Blades
  5472 | D:7      | Reached skill level 3 in Long Blades
  5574 | D:7      | Reached skill level 4 in Long Blades
  5686 | D:7      | Noticed a purple ugly thing
  5695 | D:7      | Killed a purple ugly thing
  5695 | D:7      | Reached *** piety under Okawaru
  5696 | D:7      | Reached skill level 6 in Long Blades
  5696 | D:7      | Noticed a brown ugly thing
  6616 | D:7      | Reached skill level 7 in Long Blades
  6689 | D:7      | Reached XP level 10. HP: 77/77 MP: 10/10
  6766 | D:7      | Killed a brown ugly thing
  6767 | D:7      | Reached skill level 8 in Long Blades
  7283 | D:7      | Found an ornate altar of the Wu Jian Council.
  7627 | D:8      | Reached skill level 9 in Long Blades
  7628 | D:8      | Reached **** piety under Okawaru
  7812 | D:8      | Reached skill level 10 in Long Blades
  8387 | D:8      | Reached ***** piety under Okawaru
  8388 | D:8      | Reached skill level 11 in Long Blades
  8483 | D:8      | Paralysed by a hornet for 3 turns
  8488 | D:8      | Reached XP level 11. HP: 32/82 MP: 11/11
  8806 | D:8      | Reached skill level 12 in Long Blades
  9181 | D:8      | Noticed a manticore
  9182 | D:8      | Noticed a centaur warrior
  9182 | D:8      | Noticed a deep elf pyromancer
  9182 | D:8      | Noticed a purple ugly thing
  9182 | D:8      | Noticed an arcanist
  9182 | D:8      | Noticed a boulder beetle
  9522 | D:8      | Killed a manticore
  9538 | D:8      | Killed a boulder beetle
  9996 | D:8      | Killed a deep elf pyromancer
  9997 | D:8      | Reached skill level 1 in Invocations
  9997 | D:8      | Incinerated by a deep elf pyromancer

Illustrated notes

Levels and vault maps discovered:
D:1:      minmay_arrival_four_circles, layout_basic
D:2:      layout_loops_corners
D:3:      layout_rooms
D:4:      minmay_spotlight, layout_loops_ring, nzn_wu_jian_council_hall,
          nicolae_custom_books
D:5:      layout_cave_pods, minmay_temple_entry_drinking_statues,
          uniq_prince_ribbit1, uniq_sigmund
D:6:      layout_rooms, gammafunk_ghost_abyssal_escape, uniq_menkaure,
          uniq_blork_the_orc
D:7:      nzn_winding_woodlands_small
          [nzn_winding_woodlands_5x15_pathside_ponds,
          nzn_winding_woodlands_center_triple_pond,
          nzn_winding_woodlands_5x15_zeroes], layout_rooms, minmay_ruined_shrine
D:8:      minmay_the_grid_triangle_9x9_rhombus_full
          [minmay_the_grid_triangle_9x9_semitri,
          minmay_the_grid_triangle_9x9_steps,
          minmay_the_grid_triangle_9x9_shrine,
          minmay_the_grid_triangle_9x9_impossible_snake,
          minmay_the_grid_triangle_9x9_pentomino_pain,
          minmay_the_grid_triangle_9x9_thin_v,
          minmay_the_grid_triangle_9x9_zippers_horizontal,
          minmay_the_grid_triangle_9x9_prize_top_heavy], layout_basic,
          nicolae_elyvilon_peaceful_grove, chequers_serial_rivers_small_3
Temple:   mainiacjoe_temple_big_plus

Skill      XL: |  1  2  3  4  5  6  7  8  9 10 11 |
---------------+----------------------------------+-----
Stealth        | 1 2 3 4 5 |  5.1
Dodging        | 2 3 4 5 |  5.5
Fighting       | 3 4 5 6 |  6.3
Ranged Weapons | 4 5 6 |  6.3
Long Blades    | 7 11 12 | 12.9
Invocations    | 1 |  1.4

Action                     |  1- 3 |  4- 6 |  7- 9 | 10-12 || total
---------------------------+-------+-------+-------+-------++-------
  Melee: Long sword        |       |       |    66 |    87 ||   153
         Dagger            |       |       |    44 |     9 ||    53
         Rapier            |       |       |    23 |       ||    23
         Scimitar          |       |       |       |   132 ||   132
         Falchion          |       |       |       |    53 ||    53
   Fire: Sling             |   148 |   182 |   228 |       ||   558
  Throw: Throwing net      |       |     1 |       |       ||     1
 Invoke: Heroism           |       |       |     1 |     1 ||     2
  Evoke: Wand              |       |       |       |     3 ||     3
    Use: Scroll            |     2 |     2 |     9 |     3 ||    16
         Potion            |       |     1 |     3 |     1 ||     5
   Stab: Invisible         |       |       |     8 |       ||     8
         Distracted        |       |       |       |     1 ||     1
 Armour: Leather armour    |    24 |    15 |    60 |       ||    99
         Scale mail        |       |       |    10 |   140 ||   150
  Dodge: Dodged            |    23 |    12 |    97 |    87 ||   219
Riposte: Long sword        |       |       |    16 |    12 ||    28
         Dagger            |       |       |    13 |     1 ||    14
         Rapier            |       |       |     6 |       ||     6
         Scimitar          |       |       |       |    15 ||    15
         Falchion          |       |       |       |     4 ||     4

Table legend: (Time is in decaauts)
 A = Elapsed time spent in this place.
 B = Non-inter-level travel time spent in this place.
 C = Inter-level travel time spent in this place.
 D = Time resting spent in this place.
 E = Time spent auto-exploring this place.
 F = Levels seen in this place.
 G = Mean time per level.
                   A        B        C        D        E       F      G
               +--------+--------+--------+--------+--------+-----+--------+
         Total |  10080 |   9552 |    528 |   2357 |   5694 |   9 | 1120.0 |
       Dungeon |  10019 |   9550 |    469 |   2357 |   5694 |   8 | 1252.4 |
        Temple |     61 |      2 |     59 |      0 |      0 |   1 |   61.0 |
               +--------+--------+--------+--------+--------+-----+--------+

Top non-repeatable levels by time:
     D:8: 2375 daAuts
     D:7: 1750 daAuts
     D:6: 1528 daAuts
     D:4: 1179 daAuts
     D:2: 947 daAuts
     D:5: 910 daAuts
     D:3: 714 daAuts
     D:1: 615 daAuts
  Temple: 61 daAuts
